 Dungeon Sprint DCSS version 0.27-a0-412-g8dd771eca2 (webtiles) character file.

Game seed: 16399697020086056535

25 Gaff the Poker (level 2, 20/29 HPs)
             Began as a Minotaur Berserker on Feb 24, 2021.
             Was a Follower of Trog.
             Got out of the dungeon alive.
             The game lasted 00:00:26 (44 turns).

Gaff the Poker (Minotaur Berserker)                   Turns: 44, Time: 00:00:27

Health: 20/29      AC:  2    Str: 21    XL:     2   Next: 82%
Magic:  1/1        EV: 12    Int:  4    God:    Trog [*.....]
Gold:   0          SH:  0    Dex:  9    Spells: 1/1 levels left

rFire    . . .     SeeInvis .   a - +0 spear
rCold    . . .     Faith    .   (no shield)
rNeg     . . .     Spirit   .   b - +0 animal skin
rPois    .         Reflect  .   (helmet restricted)
rElec    .         Harm     .   (no cloak)
rCorr    .         Rampage  .   (no gloves)
Will     .....     NoTele   +   (no boots)
Stlth    +.........             (no amulet)
HPRegen  0.09/turn              (no ring)
MPRegen  0.07/turn              (no ring)

@: no status effects
A: retaliatory headbutt, horns 2
a: Renounce Religion, Berserk


You escaped.
You worshipped Trog.
Trog was aware of your devotion.
You visited 1 branch

Inventory:

Hand Weapons
 a - a +0 spear (weapon)
Armour
 b - a +0 animal skin (worn)
Scrolls
 h - a scroll of blinking
Potions
 c - a potion of curing
 d - a potion of heal wounds
 e - a potion of haste
 f - 2 potions of magic
 g - a potion of berserk rage


   Skills:
 + Level 5.3 Fighting
 + Level 5.5 Polearms
 + Level 3.2 Armour
 + Level 3.2 Dodging
 + Level 1.0 Unarmed Combat


You had one spell level left.
You didn't know any spells.
Your spell library was empty.

Dungeon Overview and Level Annotations

Branches:
Dungeon (1/1)

Altars:


Innate Abilities, Weirdness & Mutations

You reflexively headbutt those who attack you in melee.
You have a pair of horns on your head.


Message History

Ijyb is heavily wounded.
You blink.
Ijyb hits you.
You barely miss Ijyb.
Ijyb is heavily wounded.
Ijyb misses you.
You touch Ijyb but do no damage.
Ijyb is heavily wounded.
Ijyb hits you.
You touch Ijyb but do no damage.
Ijyb is heavily wounded.
Ijyb hits you but does no damage.
You touch Ijyb but do no damage.
Ijyb is heavily wounded.
Your transformation has ended.
Your +0 spear unmelds from your body.
Your +0 animal skin unmelds from your body.
Ijyb barely misses you.
You closely miss Ijyb. You headbutt Ijyb!
Ijyb is almost dead.
Ijyb closely misses you. You furiously retaliate!
You headbutt Ijyb, but do no damage. You closely miss Ijyb.
Ijyb is almost dead.
You hit Ijyb.
Ijyb is almost dead.
Ijyb hits you.
You hit Ijyb.
You kill Ijyb!
Trog accepts your kill.
Your Fighting skill gained 2 levels and is now at level 5!
Your Polearms skill gained 2 levels and is now at level 5!
Your Armour skill increases to level 3!
Your Dodging skill increases to level 3!
Your Unarmed Combat skill increases to level 1!
You have reached level 2!
You see here a +0 ring mail.
There is a staircase leading out of the dungeon here.
Are you sure you want to leave the Dungeon?
This will make you lose the game!
You have escaped!

#######
#@.#..+
#..'..#
#..####
#..#
#.[#
#..#
#⌠⌠#
####


There were no monsters in sight!

Vanquished Creatures
  Ijyb (D)
1 creature vanquished.

Notes
Turn   | Place    | Note
-------+----------+-------------------------------------------
     0 | D        | Gaff the Minotaur Berserker began the quest for the Orb.
     0 | D        | Reached XP level 1. HP: 19/19 MP: 0/0
     1 | D        | Noticed Ijyb
    37 | D        | Killed Ijyb
    38 | D        | Reached skill level 5 in Fighting
    38 | D        | Reached skill level 5 in Polearms
    38 | D        | Reached skill level 1 in Unarmed Combat
    38 | D        | Reached XP level 2. HP: 20/29 MP: 1/1
    44 | D        | Got out of the dungeon alive.

Illustrated notes

Levels and vault maps discovered:
D:        dungeon_sprint_1 [red_sonja_temple_1, red_sonja_temple_small_1]

Skill      XL: |  1 |
---------------+----+-----
Fighting       | 5 |  5.3
Polearms       | 5 |  5.5
Armour         | 3 |  3.2
Dodging        | 3 |  3.2
Unarmed Combat | 1 |  1.0

Action                   || total
-------------------------++-------
Melee: Unarmed           ||    18
       Spear             ||     9
       Headbutt          ||     1
Armor: Skin              ||     3
Dodge: Dodged            ||    10

Table legend: (Time is in decaauts)
 A = Elapsed time spent in this place.
 B = Non-inter-level travel time spent in this place.
 C = Inter-level travel time spent in this place.
 D = Time resting spent in this place.
 E = Time spent auto-exploring this place.
 F = Levels seen in this place.
 G = Mean time per level.
                   A        B        C        D        E       F      G
               +--------+--------+--------+--------+--------+-----+--------+
         Total |     41 |     41 |      0 |      0 |      0 |   1 |   41.0 |
       Dungeon |     41 |     41 |      0 |      0 |      0 |   1 |   41.0 |
               +--------+--------+--------+--------+--------+-----+--------+

Top non-repeatable levels by time:
       D: 41 daAuts
